 Dungeon Crawl Stone Soup version 0.30.1 (webtiles) character file.

Game seed: 9786527621343595737

55 monsoonserge the Gusty (level 3, 0/27 HPs)
             Began as a Demigod Air Elementalist on July 6, 2023.
             Fell down a flight of stairs (1 damage)
             ... on level 2 of the Dungeon.
             The game lasted 00:06:07 (1634 turns).

monsoonserge the Gusty (Demigod Air Elementalist)   Turns: 1634, Time: 00:06:08

Health: 0/27       AC:  4    Str:  9    XL:     3   Next: 45%
Magic:  3/8        EV: 12    Int: 21    God:
Gold:   108        SH:  0    Dex: 14    Spells: 0/6 levels left

rFire   . . .        e - +0 short sword
rCold   . . .        (no shield)
rNeg    . . .        a - +0 robe
rPois   .            (no helmet)
rElec   .            c - +1 cloak {Stlth+}
rCorr   .            (no gloves)
SInv    .            (no boots)
Will    .....        (no amulet)
Stlth   ++           (no ring)
HPRegen 0.24/turn    (no ring)
MPRegen 0.11/turn

%: no passive effects
@: confused
A: high MP 1, forlorn, divine attributes
a: no special abilities


You were on level 2 of the Dungeon.
You visited 1 branch of the dungeon, and saw 2 of its levels.

You collected 108 gold pieces.

Inventory:

Hand Weapons
 e - a +0 short sword (weapon)
Armour
 a - a +0 robe (worn)
 c - a +1 cloak of stealth (worn)
Scrolls
 f - a scroll of identify {unknown}
 g - a scroll of enchant weapon {unknown}
 i - a scroll of magic mapping {unknown}
 k - a scroll of immolation {unknown}
 l - a scroll of enchant armour {unknown}
 m - a scroll of teleportation {unknown}
Potions
 b - 2 potions of magic
 d - a potion of curing {unknown}
 h - a potion of mutation {unknown}
 j - a potion of flight {unknown}


   Skills:
 + Level 0.4 Fighting
 + Level 2.0 Dodging
 - Level 2.0 Stealth
 + Level 2.2 Spellcasting
 - Level 1.0 Conjurations
 + Level 3.6 Air Magic


You couldn't memorise any spells.
You knew the following spells:

 Your Spells              Type           Power      Damage    Failure   Level
a - Shock                 Conj/Air       48%        1d6       5%          1
b - Static Discharge      Conj/Air       24%        2-3/arc   9%          2
c - Swiftness             Air            17%        N/A       10%         3

Your spell library contained the following spells:

 Spells                   Type           Power      Damage    Failure   Level
 Freeze                   Ice            8%         1d3       14%         1
 Airstrike                Air            8%         2d(2-18)  32%         4
 Hailstorm                Conj/Ice       4%         3d4       34%         3
 Frozen Ramparts          Ice            4%         1d1       41%         3


Dungeon Overview and Level Annotations

Branches:
Dungeon (2/15)

Shops:
D:1 *

Annotations:
D:2 Sigmund


Innate Abilities, Weirdness & Mutations

You have an increased reservoir of magic. (+10% MP)
You shall have no god before yourself.
Your divine heritage dramatically boosts your attributes as you level up.


Message History

The zap misses Sigmund.
Sigmund drinks a potion.
Sigmund's spells are empowered!
Unknown command.
Casting: Shock (safe; 5% risk of failure)
Confirm with . or Enter, or press ? or * to list all spells.
Aiming: Shock (safe; 5% risk of failure)
Press: ? - help, Shift-Dir - straight line, f/p - Sigmund
Aim: Sigmund, wielding a +0 scythe and wearing a +0 robe (heavily wounded, spells empowered, 64% to hit)
The zap misses Sigmund.
Sigmund barely misses you.
Unknown command.
Press: ? - help, v - describe, . - travel
Here: Sigmund, wielding a +0 scythe and wearing a +0 robe (heavily wounded, spells empowered)
The floor.
Casting: Shock (safe; 5% risk of failure)
Confirm with . or Enter, or press ? or * to list all spells.
Aiming: Shock (safe; 5% risk of failure)
Press: ? - help, Shift-Dir - straight line, f/p - Sigmund
Aim: Sigmund, wielding a +0 scythe and wearing a +0 robe (heavily wounded, spells empowered, 64% to hit)
Okay, then.
Sigmund gestures at you while chanting. The magic dart hits you.
Sigmund casts a spell at you. The magic dart hits you!
Sigmund gestures at you while chanting. The magic dart hits you.
Your magical contamination has completely faded away.
Sigmund points at you and mumbles some strange words.
The puff of flame hits you.
* * * LOW HITPOINT WARNING * * *
Sigmund casts a spell at you.
You are confused.
There is a stone staircase leading up here.
Sigmund points at you and mumbles some strange words.
The magic dart hits you!
* * * LOW HITPOINT WARNING * * *
In your confused state, you trip and fall back down the stairs.
* * * LOW HITPOINT WARNING * * *
Unknown command.
In your confused state, you trip and fall back down the stairs.
You die...

. #.....#....................
#..###...#...>..#(......##......
#.......#...##.#.......##......
....##......(##.#.......##......
##.....................###......
...###..........................
. .......#..#...........###>....
..#.....................###....
...#####.#...@.......#......#.
..#. #...............######...
.... #........................ .
#..@............###......
##....................##..
##......#รท.................
#.........(........#######. ###
##.#..............<.##### #. ...
#..#....................# #.


You could see Sigmund (empowered).

Vanquished Creatures
  An adder (D:1)
  A dart slug (D:1)
  2 endoplasms (D:1)
  A giant cockroach (D:2)
  6 hobgoblins (D:1)
  7 jackals
  5 kobolds
  2 quokkas (D:1)
  4 ball pythons
  4 bats
  5 frilled lizards (D:1)
  4 rats (D:1)
42 creatures vanquished.

Notes
Turn   | Place    | Note
-------+----------+-------------------------------------------
     0 | D:1      | monsoonserge the Demigod Air Elementalist began the quest
                  | for the Orb.
     0 | D:1      | Reached XP level 1. HP: 14/14 MP: 5/5
   276 | D:1      | Reached skill level 3 in Air Magic
   276 | D:1      | Reached XP level 2. HP: 20/20 MP: 2/7
   279 | D:1      | Learned a level 2 spell: Static Discharge
   950 | D:1      | Reached XP level 3. HP: 26/26 MP: 1/8
   955 | D:1      | Learned a level 3 spell: Swiftness
  1027 | D:1      | Found Akhiwoex's General Store.
  1270 | D:1      | Reached skill level 1 in Conjurations
  1606 | D:2      | Noticed Sigmund
  1632 | D:2      | HP: 1/27 [fell downstairs (1)]
  1634 | D:2      | Fell down a flight of stairs

Illustrated notes

Levels and vault maps discovered:
D:1:      dpeg_arrival_short_road, layout_loops_corners, serial_shops,
          nicolae_shop_just_a_little_nook, dreamdust_wishing_well
D:2:      layout_rooms, hangedman_decor_peaks_small, uniq_sigmund

Skill      XL: |  1  2  3 |
---------------+----------+-----
Stealth        | 2 |  2.0
Air Magic      | 3 |  3.6
Dodging        | 2 |  2.0
Spellcasting   | 2 |  2.2
Conjurations   | 1 |  1.0
Fighting       | |  0.4

Action                     || total
---------------------------++-------
  Melee: Dagger            ||     2
         Short sword       ||    11
   Cast: Shock             ||    67
         Static Discharge  ||     1
   Stab: Sleeping          ||     3
 Armour: Robe              ||    15
  Dodge: Dodged            ||    20
